 Seeded DCSS version 0.30-a0-219-gf2db51d15e (webtiles) character file.

Game seed: 17459760139159223558 (custom seed)

893 Nerdsrcool the Cudgeller (level 7, -3/61 HPs)
             Began as a Minotaur Monk on Oct 7, 2022.
             Was an Initiate of Wu Jian.
             Killed from afar by an electric eel (5 damage)
             ... with a bolt of electricity
             ... on level 6 of the Dungeon.
             The game lasted 00:27:58 (4646 turns).

Nerdsrcool the Cudgeller (Minotaur Monk)            Turns: 4646, Time: 00:27:59

Health: -3/61      AC: 18    Str: 13 (16) XL:     7   Next: 78%
Magic:  15/15      EV:  9    Int: 10 (11) God:    Wu Jian [......]
Gold:   223        SH: 10    Dex: 19      Spells: 5/6 levels left

rFire   + . .      SeeInvis .    l - +0 mace of Utoev {protect, rPois Str-2 Int+4 Dex+7}
rCold   + . .      Faith    .    r - +0 kite shield
rNeg    . . .      Spirit   .    o - +2 scale mail
rPois   +          Reflect  .    (helmet restricted)
rElec   .          Harm     .    (no cloak)
rCorr   .          Rampage  .    k - +1 pair of gloves
Will    .....                    (no boots)
Stlth   +.........               (no amulet)
HPRegen 0.30/turn                f - ring of Deomuegh {rF+ MP+9 Stlth+}
MPRegen 0.14/turn                b - ring of protection from cold

@: about to teleport, under a protective aura, very slow
A: horns 2, retaliatory headbutt
a: Renounce Religion


You were on level 6 of the Dungeon.
You worshipped Wu Jian.
Wu Jian was noncommittal.
You visited 2 branches of the dungeon, and saw 7 of its levels.

You collected 223 gold pieces.

Inventory:

Hand Weapons
 a - a +4 dagger
 l - the +0 mace of Utoev (weapon) {protect, rPois Str-2 Int+4 Dex+7}
   (You found it on level 2 of the Dungeon)

   It grants its wielder temporary protection when it strikes (+7 to AC).
   Str:       It affects your strength (-2).
   Int:       It affects your intelligence (+4).
   Dex:       It affects your dexterity (+7).
   rPois:     It protects you from poison.
Missiles
 m - 3 atropa-tipped darts
 q - 78 stones (quivered)
 s - 7 poisoned darts
Armour
 k - a +1 pair of gloves (worn)
 o - a +2 scale mail (worn)
 r - a +0 kite shield (worn)
Jewellery
 b - a ring of protection from cold (right hand)
 f - the ring of Deomuegh (left hand) {rF+ MP+9 Stlth+}
   (You found it on level 3 of the Dungeon)

   [ring of magical power]

   rF:        It protects you from fire.
   MP:        It affects your magic capacity (+9).
   Stlth:     It makes you more stealthy.
 p - a ring of protection from fire
Scrolls
 d - a scroll of summoning
 n - 6 scrolls of noise
Potions
 e - a potion of resistance
 g - 4 potions of attraction
 i - 2 potions of degeneration
 j - a potion of haste
 t - a potion of brilliance {unknown}


   Skills:
 + Level 5.1 Fighting
 + Level 6.7 Maces & Flails
 + Level 3.6 Armour
 + Level 4.7 Dodging
 + Level 2.7 Stealth
 + Level 4.4 Shields
 + Level 0.1 Spellcasting
 + Level 0.2 Conjurations
 + Level 0.7 Necromancy


You had 5 spell levels left.
You knew the following spells:

 Your Spells              Type           Power      Damage    Failure   Level
a - Kiss of Death         Conj/Necr      4%         2d5       99%         1

Your spell library contained the following spells:

 Spells                   Type           Power      Damage    Failure   Level
 Necrotise                Necr           4%         1d4       98%         1
 Sublimation of Blood     Necr           1%         N/A       99%         2
 Cigotuvi's Dreadful Rot  Necr/Pois/Air  0%         N/A       100%        2
 Dispel Undead            Necr           1%         3d6       100%        4
 Agony                    Necr           1%         N/A       100%        5
 Borgnjor's Vile Clutch   Necr/Erth      0%         N/A       100%        5
 Death Channel            Necr           0%         N/A       100%        6
 Simulacrum               Ice/Necr       0%         N/A       100%        6


Dungeon Overview and Level Annotations

Branches:
Dungeon (6/15)             Temple (1/1) D:5

Altars:
Ashenzari
Cheibriados
Fedhas
Kikubaaqudgha
Makhleb
Nemelex Xobeh
Okawaru
Ru
Sif Muna
Uskayaw
Wu Jian
Zin
The Shining One


Innate Abilities, Weirdness & Mutations

You have a pair of horns on your head.
You reflexively headbutt those who attack you in melee.


Message History

The bolt of electricity misses you.
The electric eel shoots out a bolt of lightning at you!
The bolt of electricity hits you!
You are too injured to fight recklessly!
Your unstable footing causes you to fumble your attack.
You closely miss the electric eel.
The electric eel is lightly wounded.
The electric eel shoots out a bolt of lightning at you!
The bolt of electricity hits you!
You are confused.
You feel invigorated. The orc closely misses you.
The electric eel shoots out a bolt of lightning at you!
The bolt of electricity hits you!
* * * LOW HITPOINT WARNING * * *
You are too confused!
You nearly stumble into some deep water!
The orc hits you but does no damage.
The electric eel shoots out a bolt of lightning at you!
The bolt of electricity hits you.
* * * LOW HITPOINT WARNING * * *
You feel better.
You feel less invigorated. You block the orc's attack.
The electric eel shoots out a bolt of lightning at you!
The bolt of electricity hits you!
* * * LOW HITPOINT WARNING * * *
As you read the scroll of teleportation, it crumbles to dust.
You feel strangely unstable. You block the orc's attack.
The electric eel shoots out a bolt of lightning at you!
The bolt of electricity hits you!
* * * LOW HITPOINT WARNING * * *
You sock the electric eel!
Your weapon exudes an aura of protection.
Your headbutt misses the electric eel.
The electric eel is heavily wounded.
The orc closely misses you. You furiously retaliate!
You headbutt the orc!
You kill the orc!
The Council accepts your kill.
You hear a splash.
The electric eel shoots out a bolt of lightning at you!
The bolt of electricity hits you.
You die...

#####..##..~~~≈≈≈~~~...
#.....##.....~≈≈~~≈.....
#.....+.....~~~≈≈≈~.....
#.....##....~~≈≈≈≈~~....
#.....##......~≈≈≈P.....
......##.....~~~≈≈~.....
....<.##......~.≈≈≈P~...
#.....#........~≈≈≈≈....
#.....'...>...~≈@≈≈~~.#
......#........SS)≈~~.#
#.....##....#..~≈~~.....
########....##..~~~~....
......#.........~≈~~.###
......#........~~≈~~.#
##....#.....>..P~≈....
#.....##..##.#.P.≈~....
.#....##..####..~≈≈


You could see 2 electric eels.

Vanquished Creatures
  A kobold brigand (D:6)
  3 scorpions (D:6)
  A necrophage (D:5)
  A howler monkey (D:5)
  3 orc priests
  3 hounds
  A jelly (D:4)
  4 iguanas
  2 orc wizards
  7 adders
  A shadow imp (D:5)
  A white imp (D:5)
  A worm (D:5)
  4 dart slugs
  10 orcs
  2 ball pythons (D:2)
  6 endoplasms
  3 giant cockroaches
  6 goblins
  7 hobgoblins
  6 jackals
  5 quokkas
  15 bats
  4 frilled lizards (D:2)
  14 kobolds
  4 rats
115 creatures vanquished.

Vanquished Creatures (others)
  7 plants (D:6)
7 creatures vanquished.

Grand Total: 122 creatures vanquished

Notes
Turn   | Place    | Note
-------+----------+-------------------------------------------
     0 | D:1      | Nerdsrcool the Minotaur Monk began the quest for the Orb.
     0 | D:1      | Reached XP level 1. HP: 19/19 MP: 0/0
   140 | D:1      | Reached XP level 2. HP: 27/27 MP: 1/1
   185 | D:1      | Reached skill level 4 in Maces & Flails
   421 | D:1      | Reached XP level 3. HP: 33/34 MP: 2/2
   853 | D:2      | Found a faded altar of an unknown god.
   862 | D:2      | Identified the +0 mace of Utoev {protect, rPois Str-2 Int+4
                  | Dex+7}
  1139 | D:2      | Prayed at the altar of an unknown god.
  1139 | D:2      | Became a worshipper of Kikubaaqudgha
  1139 | D:2      | Reached * piety under Kikubaaqudgha
  1139 | D:2      | Received a gift from Kikubaaqudgha
  1139 | D:2      | Reached ** piety under Kikubaaqudgha
  1142 | D:2      | Learned a level 1 spell: Kiss of Death
  1428 | D:2      | Reached XP level 4. HP: 41/41 MP: 3/3
  1585 | D:2      | Reached *** piety under Kikubaaqudgha
  1585 | D:2      | Received a gift from Kikubaaqudgha
  1709 | D:3      | Reached skill level 1 in Armour
  1741 | D:3      | Reached skill level 5 in Maces & Flails
  1749 | D:3      | Reached XP level 5. HP: 47/47 MP: 4/4
  1942 | D:3      | Found a hide-covered altar of Uskayaw.
  2114 | D:3      | Identified the ring of Deomuegh {rF+ MP+9 Stlth+}
  2507 | D:4      | Reached skill level 1 in Shields
  2598 | D:4      | You fall into a shaft and drop 2 floors!
  2620 | D:6      | Reached XP level 6. HP: 22/55 MP: 5/5
  2914 | D:5      | Entered Level 5 of the Dungeon
  2978 | D:5      | Reached skill level 6 in Maces & Flails
  2993 | D:5      | Reached skill level 5 in Fighting
  3199 | D:5      | Found a staircase to the Ecumenical Temple.
  3209 | D:5      | Reached XP level 7. HP: 61/61 MP: 6/6
  3252 | Temple   | Entered the Ecumenical Temple
  3474 | Temple   | Fell from the grace of Kikubaaqudgha
  3474 | Temple   | Became a worshipper of the Wu Jian Council
  3789 | D:5      | Found a broken altar of Ashenzari.
  4645 | D:6      | HP: 2/61 [electric eel/bolt of electricity (14)]
  4646 | D:6      | Killed from afar by an electric eel

Illustrated notes

Levels and vault maps discovered:
D:1:      shiori_arrival_oz, layout_loops_ring, serial_forest,
          infiniplex_forest_lined_3, infiniplex_forest_lined_3,
          infiniplex_forest_clump_medium, infiniplex_forest_straight_1,
          infiniplex_forest_corner_2, infiniplex_forest_pool,
          infiniplex_forest_straight_3, infiniplex_forest_corner_2
D:2:      layout_basic, hellmonk_ecumenical_altar_lost_god
D:3:      layout_loops_ring, mainiacjoe_overflow_alcove_1
D:4:      layout_loops_cross, grunt_dithmenos_smoke_and_mirrors,
          trog_antimagical, gammafunk_ghost_cemetery
D:5:      layout_loops_ring, mainiacjoe_overflow_small_starburst,
          minmay_temple_entry_large_hall, hangedman_abyss_or_decor_stabs
D:6:      layout_gridville, chequers_big_river, minmay_misc_feat_tiny,
          chequers_serial_rivers_micro_c
Temple:   dpeg_chambers_temple

Skill      XL: |  1  2  3  4  5  6  7 |
---------------+----------------------+-----
Maces & Flails | 4 5 6 |  6.7
Fighting       | 4 5 |  5.1
Armour         | 1 2 3 |  3.6
Dodging        | 4 |  4.7
Stealth        | 2 |  2.7
Shields        | 1 3 4 |  4.4
Spellcasting   | |  0.1
Conjurations   | |  0.2
Necromancy     | |  0.7

Action                   |  1- 3 |  4- 6 |  7- 9 || total
-------------------------+-------+-------+-------++-------
Melee: Mace              |   110 |   152 |    88 ||   350
       Headbutt          |    14 |    30 |    14 ||    58
       Punch             |     2 |       |       ||     2
Throw: Stone             |       |       |     3 ||     3
Invok: Lunge             |       |       |     3 ||     3
  Use: Scroll            |     2 |     6 |     3 ||    11
       Potion            |       |       |     7 ||     7
 Stab: Sleeping          |     2 |     2 |     1 ||     5
Armor: Ring mail         |    44 |    49 |       ||    93
       Scale mail        |       |    58 |    35 ||    93
Dodge: Dodged            |    69 |    79 |    29 ||   177
Block: Kite shield       |       |    87 |    48 ||   135

Table legend: (Time is in decaauts)
 A = Elapsed time spent in this place.
 B = Non-inter-level travel time spent in this place.
 C = Inter-level travel time spent in this place.
 D = Time resting spent in this place.
 E = Time spent auto-exploring this place.
 F = Levels seen in this place.
 G = Mean time per level.
                   A        B        C        D        E       F      G
               +--------+--------+--------+--------+--------+-----+--------+
         Total |   4715 |   4560 |    155 |    473 |   2928 |   7 |  673.6 |
       Dungeon |   4466 |   4356 |    110 |    473 |   2740 |   6 |  744.3 |
        Temple |    249 |    204 |     45 |      0 |    188 |   1 |  249.0 |
               +--------+--------+--------+--------+--------+-----+--------+

Top non-repeatable levels by time:
     D:5: 940 daAuts
     D:6: 879 daAuts
     D:1: 845 daAuts
     D:3: 836 daAuts
     D:2: 785 daAuts
  Temple: 249 daAuts
     D:4: 177 daAuts
